 Dungeon Sprint DCSS version 0.16-b1 (webtiles) character file.

6427 Medar the Devastator (level 10, -5/58 HPs)
             Began as a Deep Elf Venom Mage on Mar 5, 2015.
             Was a High Priest of Vehumet.
             Slain by a demonic crawler (6 damage)
             ... in the Dungeon (Sprint I: "Red Sonja").
             The game lasted 00:19:35 (2905 turns).

Medar the Devastator (Deep Elf Venom Mage)          Turns: 2905, Time: 00:19:35

Health: -5/58      AC:  9    Str:  5    XL:     10   Next: 67%
Magic:  20/34      EV: 18    Int: 27    God:    Vehumet [*****.]
Gold:   547        SH:  8    Dex: 19    Spells: 8 memorised, 10 levels left

rFire  + . .     SeeInvis .     p - +7 mace "Besosm" {crush, Dex+4}
rCold  + . .     Clarity  .     u - +1 robe {rC+ rF+}
rNeg   . . .     SustAb   .     (no shield)
rPois  +         Gourm    .     v - +1 helmet {Int+3}
rElec  .         Spirit   .     w - +2 cloak {rPois}
rCorr  .         Warding  .     r - +0 pair of gloves
rMut   .         NoTele   +     (no boots)
MR     +....                    (no amulet)
Stlth  ++........               (no ring)
                                (no ring)

@: icy shield, somewhat resistant to hostile enchantments, unstealthy
A: no striking features
a: Renounce Religion


You were in the Dungeon.
You worshipped Vehumet.
Vehumet was extremely pleased with you.
You were hungry.

You visited 1 branch You collected 1444 gold pieces.
You spent 897 gold pieces at shops.

Inventory:

Hand weapons
 f - the +0 rapier "Bougygug" {speed, *Rage +Fly Str+2 Dex+4}
   (You found it in the Dungeon)

   Attacks with this weapon are significantly faster.
   It affects your strength (+2).
   It affects your dexterity (+4).
   It lets you fly.
   It may make you go berserk in combat.
 j - a +0 blowgun
 l - a +0 dagger of draining
 p - the +7 mace "Besosm" (weapon) {crush, Dex+4}
   (You found it in the Dungeon)

   It inflicts extra damage upon your enemies.
   It affects your dexterity (+4).
 t - a +2 short sword of freezing
Missiles
 e - 8 curare-tipped needles
Armour
 m - a troll hide
 r - a +0 pair of gloves (worn)
 s - a +2 robe of positive energy
 u - a +1 robe of resistance (worn)
 v - a +1 helmet of intelligence (worn)
 w - a +2 cloak of poison resistance (worn)
Magical devices
 o - a wand of lightning (4)
Scrolls
 a - a scroll of identify {unknown}
 i - a scroll of blinking
 n - a scroll of enchant armour {unknown}
Potions
 c - a potion of brilliance {unknown}
 d - 4 potions of curing {@q1}
 g - a potion of magic
 q - a potion of experience {unknown}
Books
 b - a Young Poisoner's Handbook

   Spells                             Type                      Level
   a - Sting                          Conjuration/Poison           1
   b - Cure Poison                    Poison                       2
   c - Mephitic Cloud                 Conjuration/Poison/Air       3
   d - Olgreb's Toxic Radiance        Poison                       4
   e - Venom Bolt                     Conjuration/Poison           5
 k - a book of Frost

   Spells                             Type                      Level
   a - Freeze                         Ice                          1
   b - Throw Frost                    Conjuration/Ice              2
   c - Ozocubu's Armour               Charms/Ice                   3
   d - Throw Icicle                   Conjuration/Ice              4
   e - Summon Ice Beast               Ice/Summoning                4
   f - Condensation Shield            Ice                          4


   Skills:
 - Level 4.6 Fighting
 - Level 7.3 Dodging
 - Level 2.4 Stealth
 - Level 13.7 Spellcasting
 - Level 16.7 Conjurations
 + Level 3.4 Charms
 + Level 2.5 Translocations
 - Level 7.9 Ice Magic
 - Level 2.7 Air Magic
 - Level 13.8 Poison Magic


You had 10 spell levels left.
You knew the following spells:

 Your Spells              Type           Power        Failure   Level  Hunger
a - Force Lance           Conj/Tloc      ######..     1%          4    None
b - Condensation Shield   Ice            ######....   1%          4    None
c - Venom Bolt            Conj/Pois      #######...   1%          5    ##.....
d - Ozocubu's Armour      Chrm/Ice       #####...     1%          3    None
p - Cure Poison           Pois           #######...   0%          2    None
s - Mephitic Cloud        Conj/Pois/Air  ######..     1%          3    None
v - Throw Icicle          Conj/Ice       ######..     1%          4    None
x - Sting                 Conj/Pois      ####         0%          1    None


Dungeon Overview and Level Annotations

Branches:
Dungeon (1/1)

Altars:
Cheibriados
Dithmenos
Elyvilon
Fedhas
Gozag
Kikubaaqudgha
Makhleb
Nemelex Xobeh
Okawaru
Qazlal
Ru
Sif Muna
Trog
Vehumet
Xom
Yredelemnul
Zin
The Shining One
Jiyva

Shops:
D :!*(?[[?[?}*:=?[(


Message History

Your Translocations skill gained 2 levels and is now at level 2!
The demonic crawler hits you but does no damage.
The demonic crawler misses you.
The demonic crawler completely misses you.
Press: ? - help, v - describe, . - travel
Here: a demonic crawler (clinging)
An open door, spattered with blood.
Read which item? (? for menu, Esc to quit)
Okay, then.
Drink which item? (? for menu, Esc to quit)
Magic courses through your body. The demonic crawler hits you.
* * * LOW HITPOINT WARNING * * *
The demonic crawler closely misses you. The demonic crawler barely misses you.
Casting: Throw Icicle
Confirm with . or Enter, or press ? or * to list all spells.
A crackling disc of dense vapour forms in the air!
The demonic crawler misses you.
The demonic crawler completely misses you.
The demonic crawler barely misses you. The demonic crawler hits you.
You die...

##########################
#<.#..'..#..'..#__#..')..#
#..'..#..'§.#.s'..'.)#...##+#
#..#####'#####s#__####...s..#
#..####..#...#@####..#####..+
#..#__####..##.#≈§§§.#.§# ##
#..#_..__##'#..§§≈≈.§§..#
#⌠⌠#_.∩...'..._#≈§§§§#§§#
####_..._##_.#'##§#####§###
#_____###'#.#.(.§###§§.#
############.####§###[###.#
#∩^.......'...'.§§..'.∩##.#
###++++####...###########.#


You could see 2 demonic crawlers.

Vanquished Creatures
  2 centaur warriors (D)
  A deep troll (D)
  2 unseen horrors (D)
  An oklob plant (D)
  A demonic crawler (D)
  2 kobold demonologists (D)
  Sonja (D)
  A slime creature (D)
  4 trapdoor spiders (D)
  A yak (D)
  7 necrophages (D)
  An ogre (D)
  A wasp (D)
  Sigmund (D)
  8 jellies (D)
  Ijyb (D)
  2 giant eyeballs (D)
  3 ballistomycetes (D)
40 creatures vanquished.

Vanquished Creatures (others)
  2 wasps (D)
  2 giant spores (D)
4 creatures vanquished.

Grand Total: 44 creatures vanquished

Notes
Turn   | Place    | Note
--------------------------------------------------------------
     0 | D        | Medar, the Deep Elf Venom Mage, began the quest for the Orb.
     0 | D        | Reached XP level 1. HP: 10/10 MP: 5/5
     1 | D        | Noticed Ijyb
    21 | D        | Killed Ijyb
    21 | D        | Reached skill level 5 in Poison Magic
    21 | D        | Reached XP level 2. HP: 15/15 MP: 0/8
    25 | D        | Learned a level 2 spell: Cure Poison
   104 | D        | Noticed an ogre
   117 | D        | Killed an ogre
   117 | D        | Reached skill level 8 in Conjurations
   117 | D        | Reached XP level 3. HP: 19/19 MP: 2/10
   117 | D        | Reached XP level 4. HP: 24/24 MP: 2/13
   122 | D        | Learned a level 3 spell: Mephitic Cloud
   199 | D        | Noticed Sigmund
   206 | D        | Killed Sigmund
   206 | D        | Reached XP level 5. HP: 26/28 MP: 7/18
   213 | D        | Learned a level 5 spell: Venom Bolt
   284 | D        | Found a deep blue altar of Sif Muna.
   285 | D        | Noticed a jelly
   286 | D        | Found a radiant altar of Vehumet.
   325 | D        | HP: 1/28 [acid (12)]
   338 | D        | Killed a jelly
   338 | D        | Reached skill level 5 in Spellcasting
   338 | D        | Reached skill level 9 in Conjurations
   436 | D        | Became a worshipper of Vehumet
   437 | D        | Found Paarajam's Distillery.
   437 | D        | Found a white marble altar of Elyvilon.
   437 | D        | Found a burning altar of Makhleb.
   437 | D        | Found a sacrificial altar of Ru.
   437 | D        | Found a glowing golden altar of the Shining One.
   437 | D        | Found an opulent altar of Gozag.
   437 | D        | Found a glowing silver altar of Zin.
   437 | D        | Noticed a yak
   442 | D        | Found a stormy altar of Qazlal.
   442 | D        | Found a basalt altar of Yredelemnul.
   442 | D        | Found a shimmering altar of Xom.
   446 | D        | Killed a yak
   446 | D        | Reached skill level 10 in Conjurations
   446 | D        | Reached XP level 6. HP: 11/32 MP: 7/22
   453 | D        | Found a sparkling altar of Nemelex Xobeh.
   453 | D        | Found an ancient bone altar of Kikubaaqudgha.
   454 | D        | Found an iron altar of Okawaru.
   455 | D        | Found a bloodstained altar of Trog.
   655 | D        | Bought a potion of curing for 42 gold pieces
   655 | D        | Bought a potion of magic for 112 gold pieces
   655 | D        | Bought a potion of curing for 42 gold pieces
   655 | D        | Bought a potion of curing for 42 gold pieces
   665 | D        | Noticed Sonja
   671 | D        | Killed Sonja
   671 | D        | Reached skill level 11 in Conjurations
   671 | D        | Reached skill level 10 in Poison Magic
   671 | D        | Reached XP level 7. HP: 33/36 MP: 7/25
   783 | D        | Found Oliraope's Book Boutique.
   804 | D        | Noticed a deep troll
   807 | D        | Killed a deep troll
   807 | D        | Acquired Vehumet's first power
   807 | D        | Offered knowledge of Magic Dart by Vehumet.
   807 | D        | Reached skill level 12 in Conjurations
   807 | D        | Reached XP level 8. HP: 41/41 MP: 12/28
   913 | D        | Noticed a centaur warrior
   914 | D        | Noticed a centaur warrior
   915 | D        | Killed a centaur warrior
   915 | D        | Reached skill level 10 in Spellcasting
   915 | D        | Reached skill level 13 in Conjurations
   961 | D        | HP: 1/41 [centaur warrior (5)]
   962 | D        | Killed a centaur warrior
   962 | D        | Reached XP level 9. HP: 1/52 MP: 8/30
  1076 | D        | Killed a wasp
  1084 | D        | Killed a wasp
  1166 | D        | Noticed a wasp
  1287 | D        | Learned a level 4 spell: Throw Icicle
  1290 | D        | Killed a wasp
  1290 | D        | Offered knowledge of Throw Flame by Vehumet.
  1290 | D        | Reached skill level 1 in Ice Magic
  1292 | D        | Noticed an oklob plant
  1298 | D        | Killed an oklob plant
  1298 | D        | Reached skill level 14 in Conjurations
  1308 | D        | Noticed a trapdoor spider
  1309 | D        | Killed a trapdoor spider
  1309 | D        | Reached skill level 5 in Ice Magic
  1309 | D        | Killed a trapdoor spider
  1310 | D        | Noticed a trapdoor spider
  1313 | D        | Noticed a trapdoor spider
  1426 | D        | Killed a trapdoor spider
  1426 | D        | Offered knowledge of Searing Ray by Vehumet.
  1431 | D        | Killed a trapdoor spider
  1431 | D        | Acquired Vehumet's second power
  1431 | D        | Reached skill level 15 in Conjurations
  1791 | D        | Found Kaymukh's Armour Emporium.
  1796 | D        | Bought a +0 pair of gloves for 45 gold pieces
  1796 | D        | Bought a +2 robe of positive energy for 147 gold pieces
  1830 | D        | Found a snail-covered altar of Cheibriados.
  1830 | D        | Found a viscous altar of Jiyva.
  1830 | D        | Found a shadowy altar of Dithmenos.
  1830 | D        | Found a blossoming altar of Fedhas.
  1830 | D        | Noticed a slime creature
  1834 | D        | Killed a slime creature
  1902 | D        | Noticed a kobold demonologist
  1903 | D        | Offered knowledge of Inner Flame by Vehumet.
  1904 | D        | Noticed a kobold demonologist
  1906 | D        | Killed a kobold demonologist
  1906 | D        | Reached XP level 10. HP: 58/58 MP: 22/31
  1907 | D        | Killed a kobold demonologist
  1907 | D        | Acquired Vehumet's third power
  1907 | D        | Reached skill level 16 in Conjurations
  1969 | D        | Noticed a demonic crawler
  1969 | D        | Noticed a demonic crawler
  1969 | D        | Noticed a demonic crawler
  1969 | D        | Noticed a demonic crawler
  2190 | D        | Killed an unseen horror
  2190 | D        | Offered knowledge of Force Lance by Vehumet.
  2192 | D        | Killed an unseen horror
  2377 | D        | Learned a level 4 spell: Force Lance
  2382 | D        | Learned a level 4 spell: Condensation Shield
  2386 | D        | Learned a level 3 spell: Ozocubu's Armour
  2389 | D        | Noticed a jelly
  2389 | D        | Noticed a jelly
  2389 | D        | Noticed a jelly
  2389 | D        | Noticed a jelly
  2390 | D        | Paralysed by a giant eyeball for 2 turns
  2395 | D        | Noticed a jelly
  2395 | D        | Noticed a jelly
  2395 | D        | Noticed a jelly
  2398 | D        | Killed a jelly
  2399 | D        | Killed a jelly
  2399 | D        | Offered knowledge of Poisonous Cloud by Vehumet.
  2399 | D        | Killed a jelly
  2400 | D        | Killed a jelly
  2401 | D        | Killed a jelly
  2401 | D        | Killed a jelly
  2401 | D        | Killed a jelly
  2404 | D        | Noticed a necrophage
  2405 | D        | Noticed a necrophage
  2405 | D        | Noticed a necrophage
  2405 | D        | Noticed a necrophage
  2413 | D        | Killed a necrophage
  2428 | D        | Killed a necrophage
  2564 | D        | Noticed a necrophage
  2566 | D        | Noticed a necrophage
  2566 | D        | Killed a necrophage
  2568 | D        | Noticed a necrophage
  2569 | D        | Killed a necrophage
  2588 | D        | Killed a necrophage
  2588 | D        | Offered knowledge of Freezing Cloud by Vehumet.
  2601 | D        | Killed a necrophage
  2630 | D        | Killed a necrophage
  2654 | D        | Got a scorched rapier
  2655 | D        | Identified the +0 rapier "Bougygug" {speed, *Rage +Fly Str+2 Dex+4} (You found it in the Dungeon)
  2659 | D        | Got an ichor-stained mace
  2660 | D        | Identified the +7 mace "Besosm" {crush, Dex+4} (You found it in the Dungeon)
  2685 | D        | Found Crasac's Antique Weapon Shoppe.
  2685 | D        | Found Tweofrek's General Store.
  2685 | D        | Found Porreelyri's Magic Scroll Boutique.
  2687 | D        | Found Papraa's Antique Armour Emporium.
  2687 | D        | Found Ataph's Antique Armour Shop.
  2687 | D        | Found Staeror's Magic Scroll Shoppe.
  2687 | D        | Found Tweu's Antique Armour Boutique.
  2687 | D        | Found Priheid's Magic Scroll Emporium.
  2687 | D        | Found Naibarys' Gadget Shop.
  2687 | D        | Found Kluyptuf's Assorted Antiques.
  2687 | D        | Found Cialeum's Book Boutique.
  2689 | D        | Found Klixed's Magic Scroll Emporium.
  2689 | D        | Found Fiapoy's Jewellery Boutique.
  2690 | D        | Found Shrasmiv's Antique Weapon Emporium.
  2712 | D        | Bought a slice of pizza for 18 gold pieces
  2762 | D        | Noticed a shining eye
  2762 | D        | Noticed a shining eye
  2804 | D        | Bought a distressingly furry cloak for 218 gold pieces
  2814 | D        | Identified the cursed -5 cloak of Nihilism {+Fly Str+5 Int-5} (You bought it in a shop in the Dungeon)
  2815 | D        | Bought a scroll of remove curse for 33 gold pieces
  2832 | D        | Bought a glowing helmet for 99 gold pieces
  2832 | D        | Bought a glowing cloak for 99 gold pieces
  2902 | D        | Killed a demonic crawler
  2904 | D        | HP: 1/58 [demonic crawler (5)]
  2905 | D        | Slain by a demonic crawler

Action                   |  1- 3 |  4- 6 |  7- 9 | 10-12 || total
-------------------------+-------+-------+-------+-------++-------
Melee: Unarmed           |    12 |     7 |       |       ||    19
       Dagger            |       |       |    70 |    30 ||   100
 Cast: Sting             |    13 |    10 |       |       ||    23
       Mephitic Cloud    |       |     4 |     1 |       ||     5
       Venom Bolt        |       |     3 |    14 |    15 ||    32
       Throw Icicle      |       |       |     7 |    28 ||    35
       Cure Poison       |       |       |     1 |       ||     1
       Condensation Shie |       |       |       |     1 ||     1
  Use: Potion            |     1 |     2 |       |     7 ||    10
       Scroll            |       |       |       |     1 ||     1
 Stab: Confused          |       |     2 |       |       ||     2
       Sleeping          |       |       |       |     1 ||     1
  Eat: Chunk             |       |       |     3 |       ||     3
       Bread ration      |       |       |     1 |       ||     1
       Fruit             |       |       |       |     3 ||     3
       Pizza             |       |       |       |     1 ||     1
